 Dungeon Crawl Stone Soup version 0.15.0-22-g71df38d (console) character file.

67 gw the Skirmisher (level 4, -3/29 HPs)
             Began as a Gargoyle Berserker on Sept 8, 2014.
             Was a Believer of Trog.
             Slain by a gnoll
             ... wielding a +0 club
              (6 damage)
             ... on Level 2 of the Dungeon.
             The game lasted 00:00:51 (1777 turns).

gw the Skirmisher (Gargoyle Berserker)              Turns: 1777, Time: 00:00:52

HP  -3/29        AC  5     Str 21      XL: 4   Next: 16%
MP   4/4         EV 12     Int  7      God: Trog [**....]
Gold 0           SH  0     Dex 10      Spells:  0 memorised,  3 levels left

rFire  . . .     SeeInvis .     a - +0 mace
rCold  . . .     Clarity  .     b - +0 animal skin
rNeg   + . .     rCorr    .     (no shield)
rPois  +         rRot     +     (no helmet)
rElec  +         Spirit   .     (no cloak)
SustAb .         Warding  .     (no gloves)
rMut   .         Stasis   .     (no boots)
Gourm  .                        (no amulet)
MR     ++...                    (no ring)
                                (no ring)

@: regenerating, very resistant to hostile enchantments, very unstealthy
A: negative energy resistance 1, electricity resistance, unbreathing,
petrification resistance, rot immunity, AC +3
a: Burn Spellbooks, Berserk, Trog's Hand, Renounce Religion


You were on level 2 of the Dungeon.
You worshipped Trog.
Trog was pleased with you.
You were hungry.

You visited 1 branch of the dungeon, and saw 2 of its levels.

Inventory:

Hand weapons
 a - a +0 mace (weapon)
Missiles
 f - 4 steel javelins
 g - 40 stones (quivered)
Armour
 b - a +0 animal skin (worn)
Comestibles
 c - 3 bread rations
Scrolls
 d - a scroll of identify


   Skills:
 + Level 3.8 Fighting
 * Level 3.8 Maces & Flails
 + Level 1.6 Throwing
 + Level 2.7 Armour
 - Level 1.5 Dodging


You had 3 spell levels left.
You didn't know any spells.

Dungeon Overview and Level Annotations

Branches:
Dungeon (2/15)

Altars:


Innate Abilities, Weirdness & Mutations

You are resistant to torment.
You are immune to poison.
Your stone body is very resilient (AC +3).
You resist negative energy.
You are resistant to electric shocks.
You can survive without breathing.
You are immune to petrification.
You are immune to rotting.


Message History

You hit the gnoll.
The gnoll is moderately wounded.
The gnoll closely misses you. x2
The gnoll hits you!
Use which ability? (? or * to list)
Your skin crawls.
You feel resistant to hostile enchantments.
You feel slightly more hungry. The gnoll barely misses you.
The gnoll closely misses you. The gnoll hits you with a spear.
ATTACK MOVE TO (-1,1)
You hit the gnoll.
The gnoll is heavily wounded.
You feel the effects of Trog's Hand fading.
The gnoll hits you with a club. The gnoll closely misses you.
The gnoll barely misses you.
ATTACK MOVE TO (-1,1)
You hit the gnoll but do no damage.
The gnoll is heavily wounded.
The gnoll hits you with a club.
You die...

#...........>........'......
#....................#######
#....................#
#..........#+#########
#..........#.#
########.###.# #.....#
#.##..# #.##9.# #
.......ggg# #.# .....##..#
#.. #.#..##... .#.####
.....###... ....... .....
!##. .###### . ## .#


You could see 3 gnolls.

Table legend:
 A = Turns spent in this place as a percentage of turns spent in the entire game.
 B = Non-inter-level travel turns spent in this place as a percentage of non-inter-level travel turns spent in the entire game.
 C = Inter-level travel turns spent in this place as a percentage of turns spent in this place.
 D = Turns resting spent in this place as a percentage of non-inter-level travel turns spent in this place.
 E = Turns spent auto-exploring this place as a percentage of non-inter-level travel turns spent in this place.
 F = Non-inter-level travel turns spent in this place divided by the number of levels of this place that you've seen.
                   A       B       C       D       E      F
               +-------+-------+-------+-------+-------+----------------------
         Total | 100.0 | 100.0 |   0.2 |   7.1 |  16.9 | 212.5
       Dungeon | 100.0 | 100.0 |   0.2 |   7.1 |  16.9 | 212.5
               +-------+-------+-------+-------+-------+----------------------

Table legend:
 A = Kills in this place as a percentage of kills in entire the game.
 B = Kills by you in this place as a percentage of kills by you in the entire game.
 C = Kills by friends in this place as a percentage of kills by friends in the entire game.
 D = Other kills in this place as a percentage of other kills in the entire game.
 E = Experience gained in this place as a percentage of experience gained in the entire game.
 F = Experience gained in this place divided by the number of levels of this place that you have seen.
                   A       B       C       D       E      F
               +-------+-------+-------+-------+-------+----------------------
         Total | 100.0 | 100.0 |  -nan |  -nan | 100.0 |  48.0
       Dungeon | 100.0 | 100.0 |  -nan |  -nan | 100.0 |  48.0
               +-------+-------+-------+-------+-------+----------------------

Vanquished Creatures
  A gnoll (D:1)
  An adder (D:2)
  2 giant geckos (D:2)
  A ball python (D:1)
  10 goblins
  3 hobgoblins
  6 jackals (D:1)
  7 kobolds
  2 bats
  2 giant cockroaches (D:1)
  10 rats
45 creatures vanquished.

Notes
Turn   | Place    | Note
--------------------------------------------------------------
     0 | D:1      | gw, the Gargoyle Berserker, began the quest for the Orb.
     0 | D:1      | Reached XP level 1. HP: 14/14 MP: 1/1
   379 | D:1      | Reached XP level 2. HP: 19/19 MP: 2/2
   704 | D:1      | Reached skill level 1 in Throwing
   762 | D:1      | Acquired Trog's second power
   794 | D:1      | Reached XP level 3. HP: 19/23 MP: 3/3
  1676 | D:2      | Reached XP level 4. HP: 29/29 MP: 4/4
  1777 | D:2      | Slain by a gnoll

Action                   |  1- 3 |  4- 6 || total
-------------------------+-------+-------++-------
Melee: Mace              |    97 |     6 ||   103
Throw: Javelin           |    25 |       ||    25
       Stone             |    54 |     7 ||    61
Invok: Berserk           |     2 |       ||     2
       Trog's Hand       |       |     1 ||     1
  Use: Scroll            |     4 |       ||     4
  Eat: Chunk             |     4 |       ||     4

Vault maps used:
D:1:      minmay_arrival_loop, kennysheep_doodads
D:2:      first_bread, glass_columns_c
